 Dungeon Crawl Stone Soup version 0.31-a0-845-g9abc20d24f (webtiles) character file.

Game seed: 12953798732630781073

155 Ijustatesigmund the Magician (level 5, -3/30 HPs)
             Began as a Deep Elf Fire Elementalist on Oct 2, 2023.
             Slain by an orc
             ... wielding a +0 mace
              (8 damage)
             ... on level 3 of the Dungeon.
             The game lasted 00:02:59 (2038 turns).

Ijustatesigmund the Magician (DEFE)                 Turns: 2038, Time: 00:03:00

Health: -3/30      AC:  3    Str:  5    XL:     5   Next: 14%
Magic:  16/22      EV: 12    Int: 22    God:
Gold:   151        SH:  0    Dex: 15    Spells: 5/12 levels left

rFire   . . .        k - +0 scimitar
rCold   . . .        (no shield)
rNeg    . . .        a - +0 robe
rPois   .            n - +0 helmet
rElec   .            (no cloak)
rCorr   .            (no gloves)
SInv    .            (no boots)
Will    +....        (no amulet)
Stlth   ++           i - ring of magical power
HPRegen 0.25/turn    h - ring of willpower
MPRegen 0.18/turn

%: no passive effects
@: no status effects
A: no striking features
a: no special abilities


You were on level 3 of the Dungeon.
You visited 1 branch of the dungeon, and saw 3 of its levels.

You collected 151 gold pieces.

Inventory:

Hand Weapons
 k - a +0 scimitar (weapon)
Armour
 a - a +0 robe (worn)
 n - a +0 helmet (worn)
Jewellery
 d - a ring of protection from cold
 h - a ring of willpower (right hand)
 i - a ring of magical power (left hand)
 m - a ring of flight
Scrolls
 c - 2 scrolls of teleportation {unknown}
 e - 3 scrolls of identify {unknown}
 f - a scroll of revelation {unknown}
 g - a scroll of blinking {unknown}
Potions
 b - a potion of magic
 l - 3 potions of degeneration {unknown}
 o - a potion of enlightenment {unknown}
 p - a potion of haste {unknown}


   Skills:
 + Level 1.7 Fighting
 - Level 2.4 Dodging
 - Level 2.4 Stealth
 + Level 4.4 Spellcasting
 + Level 2.8 Conjurations
 + Level 4.3 Fire Magic


You had 5 spell levels left.
You knew the following spells:

 Your Spells              Type           Power      Damage    Failure   Level
a - Foxfire               Conj/Fire      80%        2x1d8     2%          1
b - Scorch                Fire           46%        2d6       2%          2
c - Flame Wave            Conj/Fire      20%        2d7       24%         4

Your spell library contained the following spells:

 Spells                   Type           Power      Damage    Failure   Level
 Summon Small Mammal      Summ           16%        N/A       11%         1
 Inner Flame              Hex/Fire       14%        N/A       13%         3
 Volatile Blastmotes      Fire/Tloc      28%        2d12      13%         3
 Stone Arrow              Conj/Erth      22%        3d8       19%         3
 Call Canine Familiar     Summ           4%         N/A       32%         3
 Summon Guardian Golem    Hex/Summ       4%         N/A       32%         3
 Animate Armour           Summ/Erth      8%         N/A       71%         4
 Lehudib's Crystal Spear  Conj/Erth      5%         10d3      100%        8


Dungeon Overview and Level Annotations

Branches:
Dungeon (3/15)

Altars:


Message History

The orc priest calls upon Beogh to heal the orc.
The orc's wounds heal themselves!
You feel much better. Something hits you. The orc hits you with a +0 mace.
You feel much better. Something hits you but does no damage.
The orc hits you but does no damage.
The orc priest invokes the aid of Beogh against you.
Beogh smites you!
Casting: Scorch (safe; 2% risk of failure)
Confirm with . or Enter, or press ? or * to list all spells.
You conjure some foxfire!
The orc is no longer more vulnerable to fire.
Something hits you but does no damage. The orc hits you but does no damage.
The orc priest hits you with a +0 flail.
The foxfire hits the orc priest.
The orc priest is lightly wounded.
The foxfire hits the orc priest.
The orc priest is moderately wounded.
Something hits you but does no damage. The orc closely misses you.
The orc priest completely misses you.
Casting: Foxfire (safe; 2% risk of failure)
Confirm with . or Enter, or press ? or * to list all spells.
You conjure some foxfire!
Something hits you. The orc misses you.
The orc priest hits you with a +0 flail.
* * * LOW HITPOINT WARNING * * *
The foxfire hits something.
Reactivating autopickup.
You feel a bit more experienced.
The foxfire hits the orc.
The orc is lightly wounded.
The orc priest barely misses you. The orc hits you with a +0 mace.
* * * LOW HITPOINT WARNING * * *
Casting: Foxfire (safe; 2% risk of failure)
Confirm with . or Enter, or press ? or * to list all spells.
You conjure some foxfire!
The orc priest barely misses you. The orc misses you.
The foxfire hits the orc priest.
The orc priest is moderately wounded.
The foxfire hits the orc priest.
The orc priest is severely wounded.
The orc priest mumbles some strange prayers to Beogh against you.
You resist with some effort. The orc hits you with a +0 mace!
You die...

# ...#.#.......# #. #.
#..#.#.......####.
#.o##..#.#............
#........#........##>#
#.##.#........##.# #
#.##.#........##..
#.##.##.########.##.#
#...oo..# #.##.#
##.†@).#### ##.....
#.§......# ##.###.#
#.....##.####.#.##.#
#.....##...........#
#############.#.####
##.## ###


You could see an orc priest and an orc.

Vanquished Creatures
  A jelly (D:3)
  Jessica (D:2)
  An orc wizard (D:3)
  4 adders (D:3)
  2 worms
  2 dart slugs (D:1)
  An orc (D:3)
  3 endoplasms (D:1)
  2 giant cockroaches (D:2)
  4 goblins
  4 hobgoblins
  7 kobolds
  A quokka (D:1)
  7 ball pythons
  3 bats
  9 frilled lizards
  A rat (D:2)
53 creatures vanquished.

Vanquished Creatures (others)
  175 foxfires
175 creatures vanquished.

Grand Total: 228 creatures vanquished

Notes
Turn   | Place    | Note
-------+----------+-------------------------------------------
     0 | D:1      | Ijustatesigmund the Deep Elf Fire Elementalist began the
                  | quest for the Orb.
     0 | D:1      | Reached XP level 1. HP: 10/10 MP: 6/6
   190 | D:1      | Reached XP level 2. HP: 16/16 MP: 6/8
   193 | D:1      | Learned a level 2 spell: Scorch
   836 | D:1      | Reached XP level 3. HP: 20/20 MP: 10/10
  1006 | D:2      | Reached skill level 1 in Fighting
  1148 | D:2      | Found a faded altar of an unknown god.
  1364 | D:2      | Noticed Jessica
  1373 | D:2      | Killed Jessica
  1374 | D:2      | Reached XP level 4. HP: 23/25 MP: 11/11
  1379 | D:2      | Learned a level 4 spell: Flame Wave
  1962 | D:3      | Reached XP level 5. HP: 29/29 MP: 13/13
  2038 | D:3      | Slain by an orc

Illustrated notes

Levels and vault maps discovered:
D:1:      lightli_arrival_maybe_door_vault, layout_rooms
D:2:      layout_rooms, ebering_ecumenical_altar_abandoned, minivault_24,
          minmay_misc_feat_diagonals, hangedman_decor_peaks_small, uniq_jessica
D:3:      layout_loops_cross, grunt_decor_one_mirror

Skill      XL: |  1  2  3  4 |
---------------+-------------+-----
Conjurations   | 2 |  2.8
Fighting       | 1 |  1.7
Spellcasting   | 4 |  4.4
Fire Magic     | 4 |  4.3
Dodging        | |  2.4
Stealth        | |  2.4

Action                     |  1- 3 |  4- 6 || total
---------------------------+-------+-------++-------
  Melee: Scimitar          |       |     1 ||     1
   Cast: Foxfire           |    72 |    28 ||   100
         Scorch            |     2 |     8 ||    10
    Use: Potion            |       |     3 ||     3
 Armour: Robe              |     1 |    25 ||    26
  Dodge: Dodged            |     3 |    14 ||    17

Table legend: (Time is in decaauts)
 A = Elapsed time spent in this place.
 B = Non-inter-level travel time spent in this place.
 C = Inter-level travel time spent in this place.
 D = Time resting spent in this place.
 E = Time spent auto-exploring this place.
 F = Levels seen in this place.
 G = Mean time per level.
                   A        B        C        D        E       F      G
               +--------+--------+--------+--------+--------+-----+--------+
         Total |   2034 |   2023 |     11 |      0 |   1673 |   3 |  678.0 |
       Dungeon |   2034 |   2023 |     11 |      0 |   1673 |   3 |  678.0 |
               +--------+--------+--------+--------+--------+-----+--------+

Top non-repeatable levels by time:
     D:1: 917 daAuts
     D:2: 694 daAuts
     D:3: 423 daAuts
